Map: Tourmaline LE

Players

HoldTheDoor

  • Race: Protoss Protoss
  • League: Diamond
  • Spawn Location: 1:00

Liz - Winner!

  • Race: Protoss Protoss
  • League: Diamond
  • Spawn Location: 7:00

VOD

Have the link to the VOD?

Description

Time

  • Played on: May 19, 2026, 12:46 p.m.
  • Length: 7:30
Show
View Real Time Build Order
Export as new Build Order

HoldTheDoor Protoss 

Build Orders:  

Get SALT Encoding   

  12  0:00  Probe  
  13  0:12  Probe  
  14  0:21  Pylon  
  14  0:24  Probe  
  15  0:35  Probe  
  15  0:40  Gateway  
  16  0:44  Probe  
  16  0:45  Assimilator  
  17  0:55  Probe  
  18  1:03  Assimilator  
  18  1:09  Gateway  
  18  1:10  Probe  
  19  1:22  Probe  
  20  1:29  Cybernetics Core  
  20  1:34  Probe  
  21  1:40  Pylon  
  21  1:46  Probe  
  22  1:59  Probe  
  23  2:01  Warp Gate  
  23  2:02  Stalker x2  
  27  2:16  Probe  
  27  2:21  Pylon  
  28  2:32  Sentry  
  30  2:42  Stalker  
  30  2:47  Probe  
  33  2:57  Nexus  
  33  3:04  Pylon  
  33  3:16  Probe  
  34  3:24  Shield Battery  
  34  3:28  Probe  
  34  3:29  Shield Battery  
  35  3:40  Probe  
  36  3:52  Probe  
  35  3:59  Stalker x2  
  37  4:04  Probe  
  38  4:12  Gateway  
  38  4:15  Gateway  
  38  4:18  Pylon  
  38  4:38  Stalker x2  
  38  4:41  Pylon  
  38  4:42  Shield Battery  
  42  4:47  Shield Battery  
  40  5:05  Stargate, Stalker x2  
  44  5:10  Stalker  
  44  5:11  Stalker  
  48  5:37  Stalker x2  
  48  5:38  Sentry  
  54  5:46  Pylon  
  54  5:48  Pylon  
  54  5:53  Oracle  
  54  5:54  Forge  
  54  6:09  Pylon  
  54  6:11  Pylon  
  57  6:19  Stalker x3  
  49  6:50  Stalker  
  49  6:51  Stalker x3  
  38  7:14  Stalker x2  
  38  7:15  Stalker  
Show
View Real Time Build Order
Export as new Build Order

Liz Protoss - Winner!

Build Orders:  

Get SALT Encoding   

  12  0:00  Probe  
  13  0:12  Probe  
  14  0:18  Pylon  
  14  0:24  Probe  
  15  0:32  Probe  
  15  0:37  Gateway  
  15  0:40  Probe  
  16  0:47  Assimilator  
  17  0:51  Probe  
  17  0:55  Assimilator  
  18  1:06  Gateway  
  18  1:09  Probe  
  19  1:21  Probe  
  19  1:24  Cybernetics Core  
  20  1:32  Pylon  
  20  1:33  Probe  
  21  1:45  Probe  
  22  1:57  Probe  
  22  2:00  Robotics Facility  
  22  2:01  Stalker  
  23  2:03  Warp Gate  
  25  2:10  Stalker  
  27  2:19  Pylon  
  27  2:28  Stalker  
  29  2:37  Immortal  
  28  2:46  Stalker  
  34  3:02  Stalker  
  34  3:03  Pylon  
  36  3:18  Sentry  
  38  3:24  Warp Prism  
  40  3:34  Pylon  
  40  3:52  Immortal  
  44  4:09  Stalker x2  
  48  4:31  Observer  
  49  4:41  Adept  
  49  4:42  Adept  
  53  4:46  Nexus  
  49  5:01  Probe  
  49  5:05  Pylon  
  50  5:09  Sentry x2  
  50  5:13  Probe  
  55  5:25  Probe  
  56  5:37  Probe  
  56  5:39  Twilight Council  
  57  5:43  Stalker x2  
  57  5:49  Probe  
  62  5:58  Pylon  
  62  6:01  Immortal  
  62  6:04  Probe  
  67  6:14  Pylon  
  67  6:16  Adept  
  69  6:19  Adept  
  69  6:21  Probe  
  69  6:24  Probe  
  71  6:40  Immortal  
  69  6:59  Stalker  
  65  7:12  Zealot  
  65  7:13  Probe x2  
  69  7:20  Gateway x2  
  73  7:29  Stalker  
Tags
 
Matchup
PvP
Replay Pack
SC2Mai2026
Spawn Locations
Cross Positions
Add a new tag
Caveats
  • Supply blocks, unpowered buildings, or Contaminate may cause inaccurate times.
  • Supply counts are checked every 10 seconds.